 Seeded DCSS version 0.30-a0-862-g1aabd4f9c5 (webtiles) character file.

Game seed: 7612588474052064957 (custom seed)

23014 bmack86 the Severer (level 12, -4/110 HPs)
             Began as a Minotaur Fighter on Mar 9, 2023.
             Was a High Priest of Okawaru.
             Killed from afar by an acid dragon (8 damage)
             ... with a splash of acid
             ... on level 11 of the Dungeon.
             The game lasted 00:27:55 (10780 turns).

bmack86 the Severer (Minotaur Fighter)             Turns: 10780, Time: 00:27:56

Health: -4/110     AC: 20    Str: 26    XL:     12   Next: 68%
Magic:  12/16      EV:  7    Int:  5    God:    Okawaru [*****.]
Gold:   185        SH:  6    Dex: 10    Spells: 11/11 levels left

rFire   . . .      SeeInvis +    x - +7 broad axe (venom)
rCold   . . .      Faith    .    c - +0 buckler
rNeg    . . .      Spirit   .    O - +0 plate armour
rPois   .          Reflect  .    u - +2 hat
rElec   .          Rampage  .    (no cloak)
rCorr   .                        B - +2 pair of gloves
Will    .....                    (no boots) Stlth
                                 o - amulet of the acrobat
HPRegen 0.38/turn                j - ring of see invisible
MPRegen 0.15/turn                v - ring of flight

@: finesse-ful, flying, hasted, very quick
A: horns 2, retaliatory headbutt
a: Renounce Religion, Heroism, Finesse, Duel


You were on level 11 of the Dungeon.
You worshipped Okawaru.
Okawaru was extremely pleased with you.
You visited 2 branches of the dungeon, and saw 13 of its levels.
You also visited: Bailey.

You collected 658 gold pieces.
You spent 473 gold pieces at shops.

Inventory:

Hand Weapons
 a - a +0 war axe
 d - the +0 war axe of the Forging Gods {antimagic, rC+}
   (You bought it in a shop on level 8 of the Dungeon)

   rC:        It protects you from cold.
 x - a +7 broad axe of venom (weapon)
Missiles
 A - 20 poisoned darts
 C - 3 curare-tipped darts
 F - a silver javelin
 J - 14 boomerangs (quivered)
Armour
 b - a +0 scale mail
 c - a +0 buckler (worn)
 l - a +0 tower shield of positive energy
 u - a +2 hat (worn)
 B - a +2 pair of gloves (worn)
 G - a +0 chain mail
 O - a +0 plate armour (worn)
Jewellery
 j - a ring of see invisible (left hand)
 o - an amulet of the acrobat (around neck)
 v - a ring of flight (right hand)
 y - a ring of ice
Wands
 p - a wand of flame (30)
 D - a wand of mindburst (9)
Scrolls
 e - 4 scrolls of fog
 f - 2 scrolls of amnesia
 i - 6 scrolls of magic mapping {unknown}
 t - 4 scrolls of teleportation
 w - 2 scrolls of blinking
 H - a scroll of butterflies
 I - 3 scrolls of enchant armour
 N - a scroll of identify
Potions
 g - 3 potions of cancellation {unknown}
 k - 2 potions of haste
 m - a potion of brilliance {unknown}
 n - 6 potions of curing
 q - 2 potions of ambrosia
 r - 5 potions of resistance
 s - 4 potions of lignification
 z - 2 potions of magic
 E - a potion of invisibility
 K - a potion of flight {unknown}
 L - a potion of might
 M - a potion of berserk rage {unknown}


   Skills:
 + Level 11.1 Fighting
 * Level 17.6 Axes
 + Level 6.7 Throwing
 + Level 11.0 Armour
 + Level 11.1 Shields
 + Level 6.8 Invocations


You had 11 spell levels left.
You didn't know any spells.
Your spell library contained the following spells:

 Spells                   Type           Power      Damage    Failure   Level
 Apportation              Tloc           0%         N/A       99%         1
 Freeze                   Ice            0%         1d3       99%         1
 Necrotise                Necr           0%         1d4       99%         1
 Lesser Beckoning         Tloc           0%         N/A       100%        2
 Sublimation of Blood     Necr           0%         N/A       100%        2
 Frozen Ramparts          Ice            0%         1d1       100%        3
 Gell's Gravitas          Tloc           0%         N/A       100%        3
 Hailstorm                Conj/Ice       0%         3d3       100%        3
 Inner Flame              Hex/Fire       0%         N/A       100%        3
 Teleport Other           Tloc           0%         N/A       100%        3
 Flame Wave               Conj/Fire      0%         2d4       100%        4
 Petrify                  Tmut/Erth      0%         N/A       100%        4
 Sticky Flame             Conj/Fire      0%         2d3       100%        4
 Irradiate                Conj/Tmut      0%         3d11      100%        5
 Summon Small Mammal      Summ           Unusable   N/A       N/A         1

Dungeon Overview and Level Annotations

Branches:
Dungeon (12/15)            Temple (1/1) D:4            Lair (0/5) D:10
    Orc (0/2) D:12         Bailey (visited)

Altars:
Cheibriados
Dithmenos
Elyvilon
Fedhas
Hepliaklqana
Kikubaaqudgha
Makhleb
Okawaru
Ru
Sif Muna
Vehumet
Wu Jian
Xom
Yredelemnul
Zin
The Shining One

Shops:
D:1 *   D:2 **!?   D:4 *   D:5 *!   D:7 !   D:8 ((

Annotations:
D:10 3 runed translucent doors, Pimp's ghost, journeyman DsCj; dolemite99's ghost, journeyman DsFi; elongatedgoose's ghost, novice MiFi


Innate Abilities, Weirdness & Mutations

You have a pair of horns on your head.
You reflexively headbutt those who attack you in melee.


Message History

A skeletal warrior comes into view. It is wielding a +0 long sword.
The skeletal warrior hits you but does no damage.
There is a stone staircase leading down here.
Things that are here:
a +0 long sword; a +0 trident You hit the skeletal warrior but do no damage.
You headbutt the skeletal warrior.
The skeletal warrior is lightly damaged.
You hit the skeletal warrior but do no damage.
The skeletal warrior is lightly damaged.
You hit the skeletal warrior but do no damage.
The skeletal warrior is lightly damaged.
You block the skeletal warrior's attack.
You hit the skeletal warrior.
You headbutt the skeletal warrior, but do no damage.
The skeletal warrior is lightly damaged.
You hit the skeletal warrior. You headbutt the skeletal warrior.
The skeletal warrior is moderately damaged.
You slash the skeletal warrior!
You headbutt the skeletal warrior, but do no damage.
The skeletal warrior is moderately damaged.
The skeletal warrior hits you with a +0 halberd!!
* * * LOW HITPOINT WARNING * * *
You slice the skeletal warrior!!
You headbutt the skeletal warrior, but do no damage.
The skeletal warrior is severely damaged.
You hit the skeletal warrior but do no damage.
You headbutt the skeletal warrior, but do no damage.
The skeletal warrior is severely damaged.
The skeletal warrior hits you but does no damage.
You feel yourself speed up.
The skeletal warrior closely misses you.
There is a stone staircase leading up, spattered with blood here.
You see here a +1 short sword of draining.
You block the skeletal warrior's attack.
You fly upwards.
The vampire mosquito buzzes angrily.
The acid dragon roars!
The cyclops shouts!
The acid dragon spits acid at you. The splash of acid hits you!
You die...

o.......
........ $#
..##.... .# ..#
... .. ... ##
###.### . ... .
#.....# ##..
....
...#.....#.....
.....yDC...#
#...@.# #.....#
###.### .. ..#
... ##.. ###


You could see a cyclops, an acid dragon (catching breath) and a vampire
mosquito.

Vanquished Creatures
  Rupert (D:12)
  Frances (D:12)
  An orc warlord (Bailey)
  3 two-headed ogres
  2 boulder beetles (D:12)
  3 skeletal warriors (D:12)
  A gargoyle (D:12)
  2 komodo dragons (D:12)
  4 trolls
  Prince Ribbit (D:7)
  A vampire (D:9)
  Sigmund (D:2)
  2 wraiths (D:12)
  3 yaks (D:10)
  2 shadows
  4 vampire mosquitoes (D:12)
  A steam dragon (D:8)
  2 water moccasins
  A black bear (D:8)
  20 orc warriors
  2 centaurs (D:9)
  3 wolves (D:10)
  2 phantoms
  4 kobold brigands
  2 bullfrogs
  A gnoll sergeant (D:12)
  4 scorpions
  10 wights
  23 killer bees
  6 howler monkeys
  9 electric eels
  7 hounds
  2 jellies
  3 gnoll boudas
  8 orc priests
  2 sleepcaps
  11 orc wizards
  6 iguanas
  Robin (D:3)
  6 adders
  20 gnolls
  2 shadow imps (D:6)
  An ufetubus (D:4)
  3 worms
  36 orcs
  8 endoplasms
  4 giant cockroaches (D:3)
  18 hobgoblins
  3 jackals (D:1)
  23 kobolds
  6 quokkas
  3 ball pythons (D:2)
  3 bats
  3 frilled lizards (D:2)
  33 goblins
  4 rats
338 creatures vanquished.

Vanquished Creatures (others)
  An orc (D:12)
  10 plants
  13 withered plants
24 creatures vanquished.

Grand Total: 362 creatures vanquished

Notes
Turn   | Place    | Note
-------+----------+-------------------------------------------
     0 | D:1      | bmack86 the Minotaur Fighter began the quest for the Orb.
     0 | D:1      | Reached XP level 1. HP: 19/19 MP: 0/0
   237 | D:1      | Reached XP level 2. HP: 27/27 MP: 1/1
   261 | D:1      | Found Nanuit's General Store.
   281 | D:1      | Bought a potion of heal wounds for 55 gold pieces
   483 | D:1      | Reached skill level 3 in Axes
   594 | D:2      | Found Dex Errahi's Magic Scroll Boutique.
   750 | D:2      | Reached XP level 3. HP: 33/33 MP: 2/2
   774 | D:2      | Found Yhitromi's Assorted Antiques.
   780 | D:2      | Noticed a scorpion
   785 | D:2      | Killed a scorpion
   786 | D:2      | Reached skill level 4 in Axes
   786 | D:2      | Reached XP level 4. HP: 36/40 MP: 3/3
   876 | D:2      | Found Jatakier's General Store.
   939 | D:2      | Found Sipt's Distillery.
  1044 | D:2      | Noticed Sigmund
  1052 | D:2      | Killed Sigmund
  1053 | D:2      | Reached skill level 5 in Axes
  1053 | D:2      | Reached XP level 5. HP: 41/47 MP: 4/4
  1053 | D:2      | Reached XP level 6. HP: 48/55 MP: 5/5
  1557 | D:3      | Reached skill level 5 in Armour
  1557 | D:3      | Reached skill level 5 in Shields
  1561 | D:3      | Reached skill level 5 in Fighting
  1614 | D:3      | Noticed Robin
  1637 | D:3      | Killed Robin
  1935 | D:3      | Found a faded altar of an unknown god.
  2104 | D:4      | Found a staircase to the Ecumenical Temple.
  2114 | Temple   | Entered the Ecumenical Temple
  2145 | Temple   | Became a worshipper of Warmaster Okawaru
  2220 | D:4      | Found Piyvoe's General Store.
  2239 | D:4      | Bought a scroll of enchant weapon for 90 gold pieces
  2472 | D:4      | Reached skill level 6 in Axes
  2477 | D:4      | Reached XP level 7. HP: 41/61 MP: 6/6
  2948 | D:5      | Entered Level 5 of the Dungeon
  2957 | D:5      | Reached skill level 1 in Invocations
  2961 | D:5      | Found Dinuix's General Store.
  3206 | D:5      | Bought a +0 pair of gloves for 45 gold pieces
  3324 | D:5      | Reached * piety under Okawaru
  3408 | D:5      | Found Bistyuf's Distillery.
  3597 | D:5      | Found a hazy altar of Hepliaklqana.
  3600 | D:5      | Found a shimmering blue altar of Sif Muna.
  3605 | D:5      | Found a shadowy altar of Dithmenos.
  3655 | D:6      | Noticed a shadow
  3662 | D:6      | Killed a shadow
  3663 | D:6      | Reached skill level 1 in Throwing
  3673 | D:6      | Reached skill level 7 in Axes
  3699 | D:6      | Reached XP level 8. HP: 34/70 MP: 8/8
  4290 | D:6      | Reached ** piety under Okawaru
  4752 | D:7      | Noticed a troll
  4759 | D:7      | Killed a troll
  4760 | D:7      | Reached skill level 8 in Axes
  4782 | D:7      | Identified a scroll of acquirement
  4782 | D:7      | Acquired a +2 broad axe of venom
  4827 | D:7      | Acquired a +0 tower shield of positive energy
  5109 | D:7      | Identified the +9 falchion "Widowmaker" {flame, rElec Str+3
                  | Dex+3}
  5162 | D:7      | Reached XP level 9. HP: 75/78 MP: 10/10
  5334 | D:7      | Noticed Prince Ribbit
  5357 | D:7      | Killed Prince Ribbit
  5358 | D:7      | Reached skill level 9 in Axes
  5570 | D:7      | Found Ejasooli's Distillery.
  5578 | D:7      | Bought a potion of invisibility for 96 gold pieces
  5746 | D:8      | Reached *** piety under Okawaru
  5764 | D:8      | Found a flagged portal.
  5771 | Bailey   | Entered a bailey
  5867 | Bailey   | Received a gift from Okawaru
  5996 | Bailey   | Acquired a manual of Axes
  6033 | Bailey   | Reached skill level 10 in Axes
  6101 | Bailey   | Noticed an orc warlord
  6111 | Bailey   | Killed an orc warlord
  6112 | Bailey   | Reached skill level 11 in Axes
  6112 | Bailey   | Reached XP level 10. HP: 40/88 MP: 10/12
  6144 | Bailey   | Identified the +1 leather armour of Grace {rPois}
  6154 | Bailey   | Reached skill level 14 in Axes
  6154 | Bailey   | Reached XP level 11. HP: 60/97 MP: 13/13
  6405 | D:8      | Reached skill level 15 in Axes
  6503 | D:8      | Noticed a two-headed ogre
  6510 | D:8      | Killed a two-headed ogre
  6510 | D:8      | Reached **** piety under Okawaru
  6511 | D:8      | Reached skill level 5 in Invocations
  6599 | D:8      | Found Erinorio's Antique Weapon Shop.
  6701 | D:8      | Found Lapp's Antique Weapon Shop.
  6701 | D:8      | Noticed a two-headed ogre
  6711 | D:8      | Killed a two-headed ogre
  6729 | D:8      | Bought a crystal war axe for 187 gold pieces
  6729 | D:8      | Identified the +0 war axe of the Forging Gods {antimagic,
                  | rC+} (You bought it in a shop on level 8 of the Dungeon)
  6937 | D:8      | Reached skill level 5 in Throwing
  6949 | D:8      | Received a gift from Okawaru
  7439 | D:9      | Noticed a two-headed ogre
  7446 | D:9      | Killed a two-headed ogre
  7447 | D:9      | Reached skill level 10 in Fighting
  7447 | D:9      | Reached skill level 10 in Armour
  7447 | D:9      | Reached skill level 10 in Shields
  7901 | D:9      | Reached skill level 16 in Axes
  8151 | D:9      | Received a gift from Okawaru
  8352 | D:10     | Entered Level 10 of the Dungeon
  8563 | D:10     | Found a staircase to the Lair.
  8987 | D:10     | Found a runed translucent gate.
  8990 | D:10     | Found a runed translucent gate.
  8992 | D:10     | Found a runed translucent gate.
  8993 | D:10     | Noticed dolemite99's ghost (journeyman DsFi)
  8993 | D:10     | Noticed Pimp's ghost (journeyman DsCj)
  8993 | D:10     | Noticed elongatedgoose's ghost (novice MiFi)
  9126 | D:10     | You are sucked into a shaft and drop 2 floors!
  9142 | D:12     | Reached ***** piety under Okawaru
  9173 | D:12     | Reached XP level 12. HP: 27/107 MP: 15/15
  9432 | D:11     | Noticed a boulder beetle
  9472 | D:12     | Killed a boulder beetle
  9710 | D:12     | Received a gift from Okawaru
  9834 | D:12     | Noticed Rupert
  9836 | D:12     | Paralysed by Rupert for 4 turns
  9840 | D:12     | Noticed Frances
  9847 | D:12     | Killed Rupert
  9847 | D:12     | Received a gift from Okawaru
  9848 | D:12     | Reached skill level 17 in Axes
  9859 | D:12     | Killed Frances
 10018 | D:12     | Received a gift from Okawaru
 10019 | D:12     | Noticed a boulder beetle
 10033 | D:12     | Killed a boulder beetle
 10532 | D:12     | Found a staircase to the Orcish Mines.
 10746 | D:12     | Received a gift from Okawaru
 10774 | D:12     | HP: 3/110 [skeletal warrior/+0 halberd (21)]
 10780 | D:11     | Killed from afar by an acid dragon

Illustrated notes

Levels and vault maps discovered:
D:1:      elethiomel_arrival_quiet, layout_loops_ring, serial_shops, shop
D:2:      layout_loops_ring, serial_glass, glass_columns_a, glass_columns_b,
          serial_shops, nicolae_shop_advertising_works
          [nicolae_subvault_shop_adworks], nicolae_shop_trees,
          nicolae_square_shop, shop, serial_bayou_pond_e, uniq_sigmund
D:3:      layout_loops_cross, shapermc_ecumenical_altar_flowoftime, uniq_robin
D:4:      layout_cave_pods, minmay_temple_entry_gardened_gates, serial_shops,
          shop
D:5:      layout_cave_pools, grunt_temple_overflow_diamond, serial_shops, shop,
          kennysheep_mini
D:6:      layout_basic
D:7:      layout_loops_ring, serial_shops, shop, uniq_prince_ribbit1
D:8:      layout_loops_corners, serial_shops, nicolae_diamond_shop, shop,
          enter_bailey_3, minmay_splitting_lines
D:9:      layout_loops_corners, eino_jars
D:10:     layout_loops_cross, erik_lair_island, gammafunk_ghost_cemetery,
          grunt_ministairs_11, serial_bayou_ford_a
D:11:     layout_cave_pools, st_stairs_3
D:12:     layout_long_grid, erik_orc_2, uniq_rupert, uniq_frances
Temple:   compressed_dpeg_triangle_lava_temple

Skill      XL: |  1  2  3  4  5  6  7  8  9 10 11 12 |
---------------+-------------------------------------+-----
Axes           | 3 4 5 6 7 8 11 14 16 17 | 17.6
Fighting       | 4 5 6 8 9 10 11 | 11.1
Armour         | 4 5 6 7 9 10 11 | 11.0
Shields        | 4 5 6 7 9 10 11 | 11.1
Invocations    | 2 3 4 5 6 |  6.8
Throwing       | 1 2 4 5 6 |  6.7

Action                     |  1- 3 |  4- 6 |  7- 9 | 10-12 || total
---------------------------+-------+-------+-------+-------++-------
  Melee: War axe           |    30 |   159 |   116 |       ||   305
         Headbutt          |     8 |    21 |    33 |    56 ||   118
         Broad axe         |       |       |    96 |   289 ||   385
  Throw: Boomerang         |       |       |       |     8 ||     8
 Invoke: Heroism           |       |       |     3 |     3 ||     6
         Finesse           |       |       |       |     2 ||     2
    Use: Scroll            |       |     3 |    21 |     4 ||    28
         Potion            |       |       |     2 |     4 ||     6
 Armour: Scale mail        |    14 |    50 |    81 |       ||   145
         Chain mail        |       |       |     1 |    93 ||    94
         Plate armour      |       |       |       |    30 ||    30
  Dodge: Dodged            |    15 |    67 |   114 |   194 ||   390
  Block: Buckler           |     2 |    30 |    57 |   101 ||   190

Table legend: (Time is in decaauts)
 A = Elapsed time spent in this place.
 B = Non-inter-level travel time spent in this place.
 C = Inter-level travel time spent in this place.
 D = Time resting spent in this place.
 E = Time spent auto-exploring this place.
 F = Levels seen in this place.
 G = Mean time per level.
                   A        B        C        D        E       F      G
               +--------+--------+--------+--------+--------+-----+--------+
         Total |  10801 |  10566 |    235 |   1364 |   6653 |  14 |  771.5 |
       Dungeon |  10204 |   9969 |    235 |   1263 |   6497 |  12 |  850.3 |
        Temple |     46 |     46 |      0 |      0 |      0 |   1 |   46.0 |
        Bailey |    550 |    550 |      0 |    101 |    156 |   1 |  550.0 |
               +--------+--------+--------+--------+--------+-----+--------+

Top non-repeatable levels by time:
    D:12: 1601 daAuts
     D:9: 1128 daAuts
     D:7: 1115 daAuts
     D:6: 1004 daAuts
     D:8: 918 daAuts
     D:4: 810 daAuts
     D:3: 803 daAuts
    D:10: 766 daAuts
     D:2: 750 daAuts
     D:5: 700 daAuts
     D:1: 596 daAuts
  Bailey: 550 daAuts
  Temple: 46 daAuts
    D:11: 10 daAuts
